Map: Oxide LE

Players

Dirk

  • Race: Terran Terran
  • League: Diamond
  • Spawn Location: 7:00

Heeebster - Winner!

  • Race: Protoss Protoss
  • League: Diamond
  • Spawn Location: 1:00

VOD

Have the link to the VOD?

Description

Time

  • Played on: Nov. 15, 2020, 2:22 p.m.
  • Length: 7:09
Show
View Real Time Build Order
Export as new Build Order

Dirk Terran 

Build Orders: Reaper Expand 

Get SALT Encoding   

  12  0:04  SCV  
  13  0:16  SCV  
  13  0:19  Supply Depot  
  14  0:28  SCV  
  15  0:41  SCV  
  15  0:42  Barracks  
  16  0:45  Refinery  
  16  0:53  SCV  
  17  1:05  SCV  
  18  1:17  SCV  
  19  1:30  Orbital Command  
  19  1:31  Reaper  
  20  1:46  Command Center  
  20  1:58  SCV  
  21  2:05  Supply Depot  
  21  2:11  Factory  
  21  2:14  SCV  
  22  2:16  Refinery  
  22  2:26  SCV  
  23  2:30  Marine  
  23  2:32  Bunker  
  24  2:38  SCV  
  24  2:42  Barracks  
  25  2:59  Barracks Reactor  
  25  3:02  Factory Tech Lab  
  25  3:05  Orbital Command  
  25  3:11  SCV  
  26  3:21  Siege Tank  
  26  3:23  SCV  
  30  3:30  Barracks Tech Lab  
  30  3:34  SCV  
  31  3:35  SCV  
  31  3:36  Marine x2  
  34  3:41  Refinery  
  34  3:43  Supply Depot  
  34  3:46  SCV  
  34  3:47  SCV  
  36  3:51  Stimpack  
  34  3:58  SCV  
  34  3:59  SCV  
  34  4:02  Marine x2  
  34  4:10  SCV  
  35  4:21  Marine x2  
  35  4:22  Marine  
  35  4:23  Cyclone  
  41  4:34  Starport  
  41  4:39  Marine x3  
  44  4:47  Supply Depot, SCV x2  
  46  4:59  Siege Tank, Marine  
  49  5:00  Marine  
  49  5:04  Marauder  
  53  5:11  Starport Reactor  
  49  5:25  SCV x2  
  51  5:37  SCV x2, Siege Tank  
  56  5:45  Marine  
  56  5:48  Medivac  
  56  5:49  SCV  
  60  5:51  Medivac  
  62  6:01  Supply Depot  
  62  6:04  Supply Depot  
  62  6:22  Marine x3, Siege Tank  
  68  6:30  SCV x2  
  70  6:42  SCV x2  
  71  6:54  SCV x2  
Show
View Real Time Build Order
Export as new Build Order

Heeebster Protoss - Winner!

Build Orders: Oracle Opening 

Get SALT Encoding   

  12  0:00  Probe  
  13  0:13  Pylon  
  13  0:18  Probe (Chrono Boost)  
  15  0:29  Probe (Chrono Boost)  
  15  0:33  Gateway  
  15  0:35  Probe (Chrono Boost)  
  16  0:44  Assimilator  
  16  0:47  Probe  
  17  0:51  Assimilator  
  17  0:59  Probe  
  18  1:11  Probe  
  19  1:21  Cybernetics Core  
  19  1:23  Probe  
  20  1:35  Probe  
  21  1:46  Nexus  
  21  1:56  Warp Gate (Chrono Boost)  
  21  1:57  Stalker  
  23  2:08  Pylon  
  23  2:16  Stargate  
  23  2:26  Probe (Chrono Boost)  
  24  2:33  Stalker  
  24  2:36  Probe (Chrono Boost)  
  27  2:41  Probe (Chrono Boost)  
  28  2:52  Probe  
  28  2:53  Pylon  
  29  2:59  Oracle (Chrono Boost)  
  29  3:00  Probe  
  29  3:04  Probe (Chrono Boost)  
  34  3:12  Probe (Chrono Boost)  
  35  3:13  Twilight Council  
  36  3:22  Probe (Chrono Boost)  
  36  3:23  Probe (Chrono Boost)  
  37  3:30  Probe (Chrono Boost)  
  37  3:32  Shield Battery  
  38  3:35  Shield Battery  
  38  3:37  Probe  
  40  3:41  Probe  
  40  3:42  Stalker  
  42  3:49  Probe  
  42  3:53  Probe  
  44  4:01  Probe  
  45  4:05  Probe  
  46  4:12  Oracle  
  46  4:14  Stalker  
  46  4:16  Charge (Chrono Boost), Probe  
  52  4:17  Probe  
  52  4:18  Assimilator  
  52  4:20  Assimilator  
  53  4:28  Gateway x2, Probe  
  54  4:35  Gateway  
  54  4:37  Gateway  
  54  4:42  Gateway  
  54  4:45  Pylon  
  54  4:53  Pylon  
  54  5:02  Probe (Chrono Boost)  
  54  5:03  Probe (Chrono Boost)  
  56  5:12  Probe  
  54  5:15  Probe  
  55  5:24  Probe  
  55  5:27  Probe  
  57  5:34  Robotics Facility  
  57  5:36  Pylon, Probe  
  57  5:39  Zealot x6  
  70  5:44  Pylon  
  70  5:46  Void Ray (Chrono Boost)  
  70  5:48  Pylon  
  74  6:00  Zealot x2  
  74  6:01  Pylon  
  78  6:05  Pylon  
  78  6:10  Templar Archives  
  78  6:16  Void Ray (Chrono Boost)  
  78  6:18  Warp Prism (Chrono Boost)  
  78  6:23  Zealot x2  
  88  6:31  Pylon  
  88  6:33  Zealot x2  
  92  6:52  Zealot x4  
Tags
 
Add a new tag
Caveats
  • Supply blocks, unpowered buildings, or Contaminate may cause inaccurate times.
  • Supply counts are checked every 10 seconds.